 Dungeon Crawl Stone Soup version 0.18-a0-990-g74cdb39 (webtiles) character file.

237 graki42 the Slinger (level 6, -6/39 HPs)
             Began as a Halfling Hunter on Jan 4, 2016.
             Was an Initiate of Okawaru.
             Mangled by Sigmund
             ... wielding a +0 scythe
              (8 damage)
             ... on level 4 of the Dungeon.
             The game lasted 00:09:25 (2532 turns).

graki42 the Slinger (Halfling Hunter)               Turns: 2532, Time: 00:09:25

Health: -6/39      AC:  5    Str: 12    XL:     6   Next: 28%
Magic:  6/6        EV: 15    Int: 13    God:    Okawaru [......]
Gold:   169        SH:  0    Dex: 17    Spells: 0 memorised, 5 levels left

rFire  . . .     SeeInvis .     x - +2 dagger (elec)
rCold  . . .     Gourm    .     c - +0 leather armour
rNeg   . . .     Faith    .     (shield restricted)
rPois  .         Spirit   .     n - +1 helmet {Int+3}
rElec  .         Dismiss  .     (no cloak)
rCorr  .         Reflect  .     (no gloves)
SustAt .         Harm     .     (no boots)
MR     .....                    (no amulet)
Stlth  +++.......               (no ring)
                                u - ring of stealth

@: not resistant to hostile enchantments, fairly stealthy
A: mutation resistance 1
a: Renounce Religion


You were on level 4 of the Dungeon.
You worshipped Okawaru.
Okawaru was noncommittal.
You were near starving.

You visited 1 branch of the dungeon, and saw 4 of its levels.

You collected 169 gold pieces.

Inventory:

Hand Weapons
 a - a +1 hunting sling
 x - a +2 dagger of electrocution (weapon)
Missiles
 d - 20 sling bullets
 g - 143 stones (quivered)
 s - 16 sling bullets of flame
Armour
 c - a +0 leather armour (worn)
 n - a +1 helmet of intelligence (worn)
Jewellery
 u - a ring of stealth (left hand)
 w - an uncursed ring of flight {unknown}
Scrolls
 b - a scroll of enchant weapon {unknown}
 h - a scroll of amnesia {unknown}
 t - a scroll of identify {unknown}
 v - a scroll of fear {unknown}
 y - a scroll of enchant armour {unknown}
 A - a scroll of remove curse {unknown}
Potions
 e - a potion of heal wounds {unknown}
 i - 2 potions of beneficial mutation {unknown}
 j - 2 potions of might {unknown}
 k - a potion of ambrosia {unknown}
 l - a potion of flight {unknown}
 p - 2 potions of haste {unknown}
 r - 2 potions of lignification {unknown}
 z - a potion of mutation {unknown}
Comestibles
 f - 3 bread rations
 m - 2 meat rations
 o - 2 beef jerkies
 q - 3 fruits


   Skills:
 + Level 2.0 Fighting
 + Level 8.9 Slings
 + Level 0.7 Armour
 * Level 3.2 Dodging
 * Level 2.7 Stealth


You had 5 spell levels left.
You didn't know any spells.

Dungeon Overview and Level Annotations

Branches:
Dungeon (4/15)
 Temple: D:4-7

Altars:
Fedhas
Okawaru

Annotations:
D:4 Sigmund


Innate Abilities, Weirdness & Mutations

You are small and have problems with some larger weapons.
You are somewhat resistant to further mutation.


Message History

The magic dart hits you! Sigmund hits you with a scythe! Sigmund misses you.
You're too confused to move!
Sigmund gestures at you while chanting. You resist with some effort.
Sigmund hits you with a scythe.
You feel less confused.
You are near starving!
Sigmund hits you with a scythe!
* * * LOW HITPOINT WARNING * * *
You hit Sigmund but do no damage.
Sigmund is heavily wounded.
Sigmund points at you and mumbles some strange words.
The magic dart hits you!
* * * LOW HITPOINT WARNING * * *
You hit Sigmund but do no damage.
Sigmund is heavily wounded.
Sigmund hits you with a scythe!
You die...

.....# ... #......# #..
#..##...# ####(.#####..#
#...# ....(..(....#
#)..#
.....(?.....####...#
......#.....##.....##
........@...........###
........@.......(##...##
................#####..#
##........(...(## ##.##
#.......###.(## ##.##
#........##...####..#
##.......#.......#.##
#...........###....# .#
..........### ####.## .#
.###......# #..####


You could see Sigmund.

Vanquished Creatures
  Jessica (D:3)
  A worker ant (D:3)
  4 gnolls (D:3)
  9 adders
  A worm (D:3)
  A giant gecko (D:1)
  4 orcs (D:3)
  6 bats
  4 giant cockroaches
  7 goblins
  7 hobgoblins
  3 jackals (D:3)
  3 quokkas (D:2)
  A ball python (D:1)
  9 kobolds
  4 rats
65 creatures vanquished.

Notes
Turn   | Place    | Note
--------------------------------------------------------------
     0 | D:1      | graki42 the Halfling Hunter began the quest for the Orb.
     0 | D:1      | Reached XP level 1. HP: 14/14 MP: 1/1
    27 | D:1      | Reached skill level 6 in Slings
    85 | D:1      | Reached XP level 2. HP: 19/19 MP: 2/2
   382 | D:1      | Reached XP level 3. HP: 22/24 MP: 3/3
   411 | D:2      | Reached skill level 7 in Slings
   757 | D:2      | Found an iron altar of Okawaru.
   773 | D:2      | Reached XP level 4. HP: 22/29 MP: 4/4
   774 | D:2      | Became a worshipper of Warmaster Okawaru
  1132 | D:3      | Found a blossoming altar of Fedhas.
  1358 | D:3      | Reached skill level 8 in Slings
  1469 | D:3      | Noticed Jessica
  1475 | D:3      | Killed Jessica
  1475 | D:3      | Reached XP level 5. HP: 34/34 MP: 5/5
  1626 | D:3      | Reached XP level 6. HP: 39/39 MP: 6/6
  2509 | D:4      | Noticed Sigmund
  2532 | D:4      | Mangled by Sigmund

Vault maps used:
D:1:      lightli_iron_boxes
D:2:      first_bread, okawaru_gym_becter
D:3:      fedhas_altar_1, uniq_jessica
D:4:      uniq_sigmund

Action                   |  1- 3 |  4- 6 || total
-------------------------+-------+-------++-------
Melee: Short sword       |     1 |     1 ||     2
       Dagger            |       |     4 ||     4
 Fire: Hunting sling     |    82 |   151 ||   233
 Stab: Sleeping          |       |     2 ||     2
  Eat: Chunk             |       |     3 ||     3
